 Dungeon Crawl Stone Soup version 0.28-a0-823-gb444dcf96d (webtiles) character file.

Game seed: 3238126030204561864

0 meatgazer the Skirmisher (level 1, -12/18 HPs)
             Began as a Demonspawn Abyssal Knight on Nov 9, 2021.
             Was a Follower of Lugonu.
             Killed from afar by a wretched star (29 damage)
             ... with a lance of force
             ... on level 1 of the Abyss.
             The game lasted 00:00:17 (85 turns).

meatgazer the Skirmisher (Demonspawn Abyssal Knight)  Turns: 85, Time: 00:00:18

Health: -12/18     AC:  3    Str:  9    XL:     1   Next: 0%
Magic:  2/2        EV: 11    Int: 11    God:    Lugonu [*.....]
Gold:   3          SH:  0    Dex: 13    Spells: 0/0 levels left

rFire   . . .      SeeInvis .   a - +1 hand axe
rCold   . . .      Faith    .   (no shield)
rNeg    . . .      Spirit   .   b - +0 leather armour
rPois   .          Reflect  .   (no helmet)
rElec   .          Harm     .   (no cloak)
rCorr   .          Rampage  .   (no gloves)
Will    .....                   (no boots)
Stlth   +.........              (no amulet)
HPRegen 0.06/turn               (no ring)
MPRegen 0.08/turn               (no ring)

@: no status effects
A: [weak 2], [inability to read while threatened]
a: Renounce Religion, Depart the Abyss


You were on level 1 of the Abyss.
You worshipped Lugonu.
Lugonu was aware of your devotion.
You visited 0 branches of the dungeon, and saw 0 of its levels.
You visited the Abyss 1 time.

You collected 3 gold pieces.

Inventory:

Hand Weapons
 a - a +1 hand axe (weapon)
Armour
 b - a +0 leather armour (worn)
Scrolls
 c - a scroll of enchant weapon {unknown}
 d - a scroll of noise {unknown}


   Skills:
 + Level 3.0 Fighting
 + Level 1.7 Axes
 + Level 1.7 Armour
 + Level 0.8 Dodging
 + Level 2.4 Invocations


You couldn't memorise any spells.
You didn't know any spells.
Your spell library was empty.

Dungeon Overview and Level Annotations

Branches:
Dungeon (0/15)

Altars:


Innate Abilities, Weirdness & Mutations

[You are very weak. (Str -4)]
[You sometimes lose the ability to read scrolls when taking damage.]


Message History

Welcome, meatgazer the Demonspawn Abyssal Knight.
Everyone else who sought the Orb of Zot has failed.
Will you be different?
Lugonu says: Depart the Abyss and spread corruption, my servant! (use the ability menu to exit the Abyss) Press ? for a list of commands and other information.
Found a corrupted altar of Lugonu.
Found a robe.
Found a corrupted altar of Lugonu.
Found a gateway leading out of the Abyss.
You now have 3 gold pieces.
c - a scroll labelled AFARYAHYCI A wretched star comes into view.
A wretched star is nearby!
Unknown command.
Unknown command.
Unknown command.
Unknown command.
A tentacled starspawn comes into view.
The wretched star pulses with an eldritch light!
You lose the ability to read scrolls when threatened.
You feel weaker. x2
A tentacle flies out from the starspawn's body!
A starspawn tentacle comes into view.
Unknown command.
A starspawn tentacle comes into view.
Found a scroll labelled TAYROB AZAIXZE and a whip.
Found a gateway leading out of the Abyss.
A starcursed mass comes into view.
A quasit comes into view.
The quasit gives a chilling moan.
You hear a chilling moan.
The starspawn tentacle grabs you. The starspawn tentacle constricts you.
You escape the starspawn tentacle's grasp.
You see here a scroll labelled TAYROB AZAIXZE.
d - a scroll labelled TAYROB AZAIXZE The wretched star glows turbulently.
The lance of force hits you!!
Ouch! That really hurt!
You die...

#.... ...#.# #.. #. ##
## .....# ## #.### ##
#.######..*###.... ###.#
#..─....###.*....#..#. #
.. .......#### ...##...#
..│#/#......###.##.#.###
# V..##..*...### # .. #
......
#.5.....#####.#..#
#.⌠.....#.#..@......# #
.. .
.##......∩....#...... #
.#.#......#.)###... #
#.....##..##.. . ...⌠.#
..# ... .... ...# ....
.# #..#. .... ... ...


You could see a wretched star and a quasit.

Vanquished Creatures (others)
  2 starspawn tentacles (Abyss:1)
2 creatures vanquished.

Notes
Turn   | Place    | Note
-------+----------+-------------------------------------------
     0 | Abyss:1  | meatgazer the Demonspawn Abyssal Knight began the quest for
                  | the Orb.
     0 | Abyss:1  | Reached XP level 1. HP: 18/18 MP: 2/2
     3 | Abyss:1  | Found a corrupted altar of Lugonu.
    70 | Abyss:1  | Noticed a wretched star
    76 | Abyss:1  | Noticed a tentacled starspawn
    78 | Abyss:1  | Noticed a starcursed mass
    80 | Abyss:1  | Noticed a quasit
    85 | Abyss:1  | Killed from afar by a wretched star

Illustrated notes

Levels and vault maps discovered:
Abyss:1:  base: Temple, base:
Temple

Table legend: (Time is in decaauts)
 A = Elapsed time spent in this place.
 B = Non-inter-level travel time spent in this place.
 C = Inter-level travel time spent in this place.
 D = Time resting spent in this place.
 E = Time spent auto-exploring this place.
 F = Levels seen in this place.
 G = Mean time per level.
                   A        B        C        D        E       F      G
               +--------+--------+--------+--------+--------+-----+--------+
         Total |     85 |     85 |      0 |      0 |     66 |   1 |   85.0 |
         Abyss |     85 |     85 |      0 |      0 |     66 |   1 |   85.0 |
               +--------+--------+--------+--------+--------+-----+--------+

Top non-repeatable levels by time:
 Abyss:1: 85 daAuts
